AoeStats
← jphilkill

Arabia

504676754Analyzed
4v4 RM · 27d ago on Sep 6, 2026· 44m 29s· 8 players
Game mode
Random Map
Map size
Large (8 player)
Population
200
Speed
Normal
Resources
Standard
Victory
Conquest
Starting age
Dark Age
Ending age
Imperial Age
RankedLock teamsTeams togetherTeam positionsShared explorationLock speedFull tech treeHidden civsTurbo modeCheats
Victory
Defeat
🇦🇺 Goths · Australia
1093
+33
🇨🇱 Magyars · Chile
1089
+12
🇨🇴 Celts · Colombia
1070
+13
🇨🇳 Burmese · China
983
+18
🇨🇳 Koreans · China
1045
-15
🇩🇪 Burgundians · Germany
1017
-14
🇨🇿 Byzantines · Czechia
1012
-14
🇨🇳 Goths · China
957
-12
jphilkill
0:52 Loom
8:15 Wheelbarrow
8:32 Double-Bit Axe
12:10 Feudal Age
19:52 Castle Age
18:13 Horse Collar
25:17 Husbandry
25:26 Scale Barding Armor
25:31 Forging
25:50 Cavalier
30:23 Heavy Plow
33:17 Stone Mining
33:17 Gold Mining
33:42 Bow Saw
33:50 Hand Cart
34:41 Stone Shaft Mining
33:28 Pikeman
34:09 Squires
37:23 Scale Mail Armor
37:59 Iron Casting
37:15 Fletching
37:26 Padded Archer Armor
38:21 Crop Rotation
40:11 Two-Man Saw
39:55 Chain Barding Armor
42:19 Gold Shaft Mining
45:18 Imperial Age
PRDzBRD
0:31 Loom
11:05 Feudal Age
12:26 Wheelbarrow
11:49 Double-Bit Axe
17:12 Man-at-Arms
25:17 Fletching
25:28 Padded Archer Armor
36:31 Castle Age
34:50 Gold Mining
34:54 Stone Mining
35:31 Forging
35:22 Scale Mail Armor
37:03 Crossbowman
38:36 Gold Shaft Mining
39:39 Thumb Ring
新手玩玩
3:09 Loom
11:20 Feudal Age
12:01 Double-Bit Axe
11:58 Horse Collar
14:50 Gold Mining
19:37 Castle Age
17:55 Stone Mining
20:13 Fletching
22:03 Bow Saw
22:59 Heavy Plow
23:09 Scale Mail Armor
23:19 Bodkin Arrow
24:21 Squires
24:06 Arson
25:47 Forging
26:53 Gambesons
34:13 Wheelbarrow
34:14 Scale Barding Armor
33:42 Pikeman
36:12 Husbandry
37:17 Iron Casting
826477292
1:05 Loom
12:07 Feudal Age
17:30 Castle Age
16:19 Double-Bit Axe
16:58 Stone Mining
21:54 Bow Saw
24:40 Stone Shaft Mining
26:38 Gold Mining
27:44 Horse Collar
29:13 Heavy Plow
37:47 Imperial Age
35:46 Anarchy
37:12 Pikeman
37:52 Squires
Lemus IV
1:45 Loom
12:06 Feudal Age
13:23 Wheelbarrow
15:11 Horse Collar
17:40 Castle Age
15:31 Double-Bit Axe
18:37 Hand Cart
19:29 Bow Saw
23:49 Gold Mining
24:21 Town Watch
28:17 Town Patrol
29:12 Gold Shaft Mining
28:28 Stone Mining
35:01 Imperial Age
35:03 Capped Ram
35:57 Furor Celtica
36:08 Conscription
35:17 Heavy Scorpion
36:29 Siege Ram
37:42 Scale Mail Armor
37:53 Forging
42:55 Stone Shaft Mining
42:12 Stronghold
41:53 Sappers
nicorossel70
6:04 Loom
9:16 Feudal Age
11:06 Double-Bit Axe
13:59 Horse Collar
21:31 Castle Age
22:29 Wheelbarrow
26:32 Imperial Age
24:30 Bow Saw
24:55 Heavy Plow
25:40 Bloodlines
25:32 Gold Mining
25:34 Stone Mining
26:55 Gold Shaft Mining
26:28 Scale Barding Armor
26:59 Husbandry
27:33 Cavalier
31:00 Chemistry
33:11 Hand Cart
33:35 Town Watch
34:59 Corvinian Army
35:47 Capped Ram
39:29 Two-Man Saw
39:10 Chain Barding Armor
40:34 Plate Barding Armor
41:09 Fletching
41:20 Padded Archer Armor
42:04 Conscription
42:14 Bodkin Arrow
42:47 Parthian Tactics
42:35 Thumb Ring
42:41 Thumb Ring
43:02 Ballistics
42:23 Treadmill Crane
42:52 Town Patrol
43:04 Heavy Cavalry Archer
43:56 Masonry
44:23 Crop Rotation
43:55 Elite Magyar Huszar
44:36 Recurve Bow
44:39 Bracer
Charlie4Days
8:40 Loom
11:15 Feudal Age
12:50 Horse Collar
12:54 Man-at-Arms
14:36 Double-Bit Axe
17:02 Scale Mail Armor
19:33 Wheelbarrow
20:14 Forging
27:22 Castle Age
26:32 Gold Mining
28:18 Squires
31:27 Pikeman
33:58 Long Swordsman
34:01 Pikeman
35:57 Chain Mail Armor
36:20 Iron Casting
45:23 Hand Cart
又菜又爱打帝国
11:07 Feudal Age
9:47 Loom
15:30 Castle Age
19:13 Fervor
20:09 Horse Collar
21:49 Fishing Lines
23:01 Heavy Plow
24:52 Wheelbarrow
26:40 Hand Cart
27:30 Fletching
27:48 Scale Barding Armor
27:54 Forging
27:41 Gold Mining
32:13 Imperial Age
30:27 Iron Casting
30:12 Chain Barding Armor
30:56 Gold Shaft Mining
30:54 Manipur Cavalry
33:58 Howdah
34:06 Howdah
35:17 Chemistry
34:38 Ballistics
34:02 Treadmill Crane
34:17 Murder Holes
33:48 Elite Battle Elephant
34:29 Husbandry
34:39 Bloodlines
36:57 Blast Furnace
36:33 Plate Barding Armor
39:07 Fletching
39:18 Padded Archer Armor
39:07 Gambesons
39:08 Arson
39:24 Squires
39:17 Gillnets
42:18 Crop Rotation
Connection lost

Rejoining the realm…

Still unreachable

The connection could not be restored.

Session expired

The server has moved on; the page needs a fresh start.